 Dungeon Crawl Stone Soup version 0.23-a0-677-g07611c5 (console) character file.

3907 Duffy the Conjurer (level 10, 76/76 HPs)
             Began as a Demonspawn Fire Elementalist on Jan 9, 2019.
             Was a Follower of Sif Muna.
             Quit the game on level 9 of the Dungeon.
             The game lasted 00:16:55 (10285 turns).

Duffy the Conjurer (Demonspawn Fire Elementalist)  Turns: 10285, Time: 00:16:56

Health: 76/76      AC:  6    Str:  9    XL:     10   Next: 0%
Magic:  3/19       EV: 15    Int: 19    God:    Sif Muna [*.....]
Gold:   190        SH:  0    Dex: 14    Spells: 8/21 levels left

rFire    . . .     SeeInvis +   d - +0 whip (venom)
rCold    + . .     Gourm    .   (no shield)
rNeg     . . .     Faith    .   a - +0 robe
rPois    .         Spirit   +   (helmet restricted)
rElec    .         Reflect  .   q - +2 cloak
rCorr    .         Harm     .   h - +0 pair of gloves
MR       .....                  (no boots)
Stlth    ++++......             (no amulet)
HPRegen  0.22/turn              F - ring of protection from cold
MPRegen  0.16/turn              D - ring of see invisible

@: divine energy
A: antennae 1, nightstalker 2, magic shield
a: Stop Divine Energy, Renounce Religion


You were on level 9 of the Dungeon.
You worshipped Sif Muna.
Sif Muna was aware of your devotion.
You were hungry.

You visited 2 branches of the dungeon, and saw 10 of its levels.

You collected 530 gold pieces.
You spent 340 gold pieces at shops.

Inventory:

Hand Weapons
 d - a +0 whip of venom (weapon)
 j - a +4 quarterstaff of chaos
 s - a +4 dagger
 x - a +2 spear of freezing
Armour
 a - a +0 robe (worn)
 h - a +0 pair of gloves (worn)
 m - a +0 buckler
 q - a +2 cloak (worn)
 w - a scarf of repulsion
Jewellery
 o - an uncursed ring of positive energy
 D - a ring of see invisible (right hand)
 F - a ring of protection from cold (left hand)
Wands
 y - a wand of flame (9)
 E - a wand of enslavement (5)
 H - a wand of digging (5)
Scrolls
 b - 4 scrolls of blinking
 e - 2 scrolls of enchant weapon {unknown}
 f - 7 scrolls of remove curse
 g - 2 scrolls of magic mapping
 i - 5 scrolls of teleportation
 p - 2 scrolls of enchant armour
 r - 2 scrolls of amnesia {unknown}
 A - 4 scrolls of identify
 B - 2 scrolls of fog
 C - 2 scrolls of immolation
 G - a scroll of summoning {unknown}
Potions
 k - a potion of invisibility
 l - 4 potions of heal wounds
 n - 2 potions of curing
 t - 3 potions of berserk rage
 u - a potion of flight
 v - a potion of haste
 z - a potion of might
Comestibles
 c - 18 rations
 I - 7 chunks of flesh


   Skills:
 - Level 6.1 Fighting
 - Level 5.0 Dodging
 - Level 1.7 Stealth
 + Level 6.3 Spellcasting
 + Level 6.9 Conjurations
 + Level 6.5 Fire Magic
 + Level 1.9 Invocations
 - Level 2.0 Evocations


You had 8 spell levels left.
You knew the following spells:

 Your Spells              Type           Power        Failure   Level  Hunger
h - Flame Tongue          Conj/Fire      ####.        1%          1    None
j - Sticky Flame          Conj/Fire      ####....     7%          4    ####...
k - Fireball              Conj/Fire      ####......   19%         5    #####..
l - Conjure Flame         Conj/Fire      ####....     1%          3    ##.....

Your spell library contained the following spells:

 Spells                   Type           Power        Failure   Level  Hunger
 Throw Flame              Conj/Fire      ####..       1%          2    None
 Inner Flame              Hex/Fire       ###.....     9%          3    ##.....
 Animate Skeleton         Necr           N/A          11%         1    None
 Pain                     Necr           #...         11%         1    None
 Regeneration             Chrm/Necr      #.........   32%         3    ##.....
 Vampiric Draining        Necr           #.........   32%         3    ##.....
 Animate Dead             Necr           N/A          71%         4    ####...


Dungeon Overview and Level Annotations

Branches:
Dungeon (9/15)             Temple (1/1) D:7
   Lair: D:8-11         Orc: D:9-12

Altars:
Ashenzari
Cheibriados
Dithmenos
Elyvilon
Fedhas
Gozag
Hepliaklqana
Kikubaaqudgha
Makhleb
Nemelex Xobeh
Okawaru
Qazlal
Ru
Sif Muna
Trog
Uskayaw
Vehumet
Wu Jian
Xom
Yredelemnul
Zin
The Shining One

Shops:
D:6 *   D:7 ?

Annotations:
D:6 Dowan, Duvessa
D:8 2 transporters


Innate Abilities, Weirdness & Mutations

You have a pair of small antennae on your head.
You are significantly more attuned to the shadows.
When hurt, damage is shared between your health and your magic reserves.


Message History

Press: ? - help, Shift-Dir - straight line, f/p - wight
Aim: a wight, wielding a +1 dagger and wearing a +0 robe (severely damaged)
The flame tongue hits the wight.
You destroy the wight!
Sif Muna accepts your kill.
You have reached level 10!
Your demonic ancestry asserts itself...
You feel your magical essence form a protective shroud around your flesh.
Things that are here:
a cursed +1 dagger; a +0 robe
Items here: %%% ))))) [[[ Butcher an orc corpse? [(y)es/(n)o/(a)ll/(q)uit/?]
You butcher the orc corpse. x3
I - 3 chunks of flesh;
I - 4 chunks of flesh (gained 1)
I - 8 chunks of flesh (gained 4)
Items here: %%% ))))) [[[ Eat one of 8 chunks of flesh? (ye/n/q)
You eat one of the 8 chunks of flesh.
This raw flesh tastes terrible.
You are feeling hungry.
Are you sure you want to abandon this character and quit the game? (Confirm

#.....#
#####.#
#.# #.#
#.# #.#
#)#
#.########
#...@.....
##########


There were no monsters in sight!

Vanquished Creatures
  A two-headed ogre (D:8)
  An orc warrior (D:9)
  A sky beast (D:8)
  An ice beast (D:7)
  An eye of draining (D:8)
  3 phantoms
  2 black bears
  3 ogres (D:6)
  A centaur (D:8)
  2 big kobolds
  A bullfrog (D:6)
  A water moccasin zombie (D:6)
  4 scorpions
  4 killer bees (D:7)
  2 wights (D:9)
  2 howler monkeys
  4 crimson imps
  2 bullfrog zombies (D:8)
  Crazy Yiuf (D:3)
  6 orc priests
  2 bullfrog skeletons (D:7)
  A jelly (D:5)
  Jessica (D:3)
  2 centaur skeletons (D:4)
  Ijyb (D:5)
  2 iguanas
  13 orc wizards
  4 worker ants
  A killer bee zombie (D:6)
  A hound skeleton (D:7)
  A howler monkey skeleton (D:5)
  7 adders
  A shadow imp (D:7)
  An ooze (D:6)
  An adder zombie (D:5)
  3 adder skeletons
  2 worms
  3 dart slugs
  4 leopard geckos
  30 orcs
  3 ball pythons
  3 bats
  5 giant cockroaches
  3 goblins
  3 hobgoblins (D:2)
  4 jackals (D:3)
  13 kobolds
  2 quokkas (D:5)
  14 frilled lizards
  A quokka zombie (D:5)
  8 rats
  A bush (D:3)
  A fungus (D:3)
185 creatures vanquished.

Notes
Turn   | Place    | Note
-------+----------+-------------------------------------------
     0 | D:1      | Duffy the Demonspawn Fire Elementalist began the quest for
                  | the Orb.
     0 | D:1      | Reached XP level 1. HP: 13/13 MP: 3/3
     7 | D:2      | Gained mutation: You are slightly more attuned to the
                  | shadows. [demonic ancestry]
     7 | D:2      | Reached XP level 2. HP: 19/19 MP: 1/5
   973 | D:2      | Reached XP level 3. HP: 24/24 MP: 2/6
   978 | D:2      | Learned a level 3 spell: Conjure Flame
  1158 | D:2      | Found an ornate altar of the Wu Jian Council.
  1746 | D:3      | Found a white marble altar of Elyvilon.
  1748 | D:3      | Noticed Jessica
  1816 | D:3      | Killed Jessica
  1816 | D:3      | Reached XP level 4. HP: 30/30 MP: 2/8
  2203 | D:3      | Learned a level 4 spell: Sticky Flame
  2369 | D:4      | Gained mutation: You are significantly more attuned to the
                  | shadows. [demonic ancestry]
  2369 | D:4      | Reached XP level 5. HP: 35/35 MP: 0/9
  2661 | D:4      | Noticed a phantom
  2960 | D:4      | Killed a phantom
  2960 | D:4      | Gained mutation: You have a pair of small antennae on your
                  | head. [demonic ancestry]
  2960 | D:4      | Reached XP level 6. HP: 40/41 MP: 2/11
  3363 | D:3      | Found a runed door.
  3367 | D:3      | Noticed Crazy Yiuf
  3375 | D:3      | Killed Crazy Yiuf
  3626 | D:3      | Learned a level 5 spell: Fireball
  4152 | D:5      | Entered Level 5 of the Dungeon
  4169 | D:5      | Found an opulent altar of Gozag.
  4170 | D:5      | Found a hazy altar of Hepliaklqana.
  4172 | D:5      | Found a burning altar of Makhleb.
  4172 | D:5      | Found a bloodstained altar of Trog.
  4174 | D:5      | Found a glowing golden altar of the Shining One.
  4174 | D:5      | Found a sparkling altar of Nemelex Xobeh.
  4175 | D:5      | Found a sacrificial altar of Ru.
  4292 | D:5      | Found a blossoming altar of Fedhas.
  4419 | D:5      | Reached XP level 7. HP: 41/46 MP: 4/13
  4622 | D:5      | Noticed Ijyb
  4639 | D:5      | Killed Ijyb
  5171 | D:6      | Found Zosov's General Store.
  5203 | D:6      | Reached skill level 5 in Conjurations
  5232 | D:6      | Bought a scroll of teleportation for 42 gold pieces
  5247 | D:6      | Reached skill level 5 in Fire Magic
  5562 | D:6      | Reached skill level 5 in Spellcasting
  5835 | D:6      | Reached XP level 8. HP: 45/53 MP: 11/15
  6010 | D:6      | Noticed Duvessa
  6011 | D:6      | Noticed Dowan
  6049 | D:6      | Reached skill level 1 in Fighting
  7609 | D:7      | Found a snail-covered altar of Cheibriados.
  7904 | D:7      | Reached skill level 5 in Dodging
  7990 | D:7      | Reached skill level 5 in Fighting
  8015 | D:7      | Reached XP level 9. HP: 63/68 MP: 7/16
  8016 | D:7      | Reached skill level 1 in Evocations
  8490 | D:7      | Found Iceplofe's Magic Scroll Shoppe.
  8502 | D:7      | Found a staircase to the Ecumenical Temple.
  8509 | Temple   | Entered the Ecumenical Temple
  8618 | Temple   | Became a worshipper of Sif Muna the Loreminder
  8644 | D:7      | Bought a scroll of fog for 26 gold pieces
  8644 | D:7      | Bought a scroll of immolation for 45 gold pieces
  8644 | D:7      | Bought a scroll of enchant armour for 97 gold pieces
  8644 | D:7      | Bought a scroll of identify for 26 gold pieces
  8644 | D:7      | Bought a scroll of identify for 26 gold pieces
  8644 | D:7      | Bought a scroll of identify for 26 gold pieces
  8644 | D:7      | Bought a scroll of identify for 26 gold pieces
  8644 | D:7      | Bought a scroll of identify for 26 gold pieces
  8812 | D:7      | Found a shadowy altar of Dithmenos.
  8845 | D:7      | Found a shimmering altar of Xom.
  9022 | D:8      | Noticed a two-headed ogre
  9040 | D:8      | Killed a two-headed ogre
  9040 | D:8      | Reached * piety under Sif Muna
  9836 | D:8      | Found a transporter.
  9853 | D:8      | Noticed a centaur warrior
  9858 | D:8      | Found a transporter.
  9858 | D:8      | Noticed a freezing wraith
  9861 | D:8      | Noticed a troll
  9939 | D:8      | Reached skill level 1 in Invocations
  9987 | D:8      | Noticed a troll
 10271 | D:9      | Gained mutation: When hurt, damage is shared between your
                  | health and your magic reserves. [demonic ancestry]
 10271 | D:9      | Reached XP level 10. HP: 76/76 MP: 1/19
 10285 | D:9      | Quit the game

Vault maps used:
D:1:      wander_arrival_lonely_grave, minmay_lizard_pond
D:2:      lemuel_coloured_pillars_altar
D:3:      old_standard_altar, uniq_crazy_yiuf_cottage, uniq_jessica
D:4:      first_ration
D:5:      fedhas_altar_1, grunt_temple_overflow_open, uniq_ijyb
D:6:      serial_shops, shop, uniq_duvessa
D:7:      slow_altar_1, grunt_dithmenos_smoke_and_mirrors,
          nicolae_overflow_crystal_walls, minmay_temple_entry_mini_moons,
          serial_shops, shop
D:8:      gammafunk_sealed_arena
D:9:      hangedman_cross_stitches, uniq_psyche
Temple:   nicolae_temple_figure_zero

Skill      XL: |  1  2  3  4  5  6  7  8  9 |
---------------+----------------------------+-----
Conjurations   | 2 3 4 5 6 |  6.9
Fire Magic     | 3 4 5 6 |  6.5
Spellcasting   | 3 4 5 6 |  6.3
Dodging        | 2 5 |  5.0
Fighting       | 5 6 |  6.1
Evocations     | 2 |  2.0
Invocations    | 1 |  1.9
Stealth        | |  1.7

Action                   |  1- 3 |  4- 6 |  7- 9 | 10-12 || total
-------------------------+-------+-------+-------+-------++-------
Melee: Whip              |    46 |    79 |   222 |       ||   347
 Cast: Flame Tongue      |    45 |    96 |   182 |     1 ||   324
       Conjure Flame     |       |     6 |    12 |       ||    18
       Sticky Flame      |       |       |    23 |       ||    23
Invok: Divine Energy     |       |       |     1 |       ||     1
Evoke: Wand              |       |       |     3 |       ||     3
  Use: Scroll            |       |     7 |     4 |       ||    11
 Stab: Sleeping          |       |     1 |     6 |       ||     7
       Distracted        |       |       |     1 |       ||     1
  Eat: Chunk             |     3 |     6 |    21 |     1 ||    31
       Ration            |       |     1 |       |       ||     1
Armor: Robe              |    14 |    23 |    84 |       ||   121
Dodge: Dodged            |    32 |    56 |   195 |       ||   283

Table legend:
 A = Non-vault XP
 B = Vault XP
 C = Vault XP percentage of total XP
 D = Non-vault monster count
 E = Vault monster count
 F = Vault count percentage of total count
                 A         B        C        D         E       F
            +---------+---------+-------+---------+---------+-------
      Total |    5449 |     133 |   2.4 |     168 |      15 |   8.2
            +---------+---------+-------+---------+---------+-------
        D:1 |      14 |      11 |  44.0 |       7 |      11 |  61.1
        D:2 |      48 |       0 |   0.0 |      20 |       0 |   0.0
        D:3 |     158 |      81 |  33.9 |      20 |       2 |   9.1
        D:4 |     469 |       0 |   0.0 |      18 |       0 |   0.0
        D:5 |     227 |      36 |  13.7 |      12 |       1 |   7.7
        D:6 |    1118 |       0 |   0.0 |      24 |       0 |   0.0
        D:7 |    1389 |       5 |   0.4 |      40 |       1 |   2.4
        D:8 |    1655 |       0 |   0.0 |      17 |       0 |   0.0
        D:9 |     371 |       0 |   0.0 |      10 |       0 |   0.0
            +---------+---------+-------+---------+---------+-------
